 Dungeon Crawl Stone Soup version 0.18-a0-1418-ga86aa8f (webtiles) character file.

2737175 namelastname112 the Slayer (level 27, 186/280 (281) HPs)
             Began as a Yellow Draconian Gladiator on Feb 25, 2016.
             Was an Initiate of Gozag.
             Escaped with the Orb
             ... and 5 runes on Feb 26, 2016!
             The game lasted 03:58:33 (93345 turns).

namelastname112 the Slayer (DrGl)                  Turns: 93345, Time: 03:58:34

HP:   186/280 (281) AC: 23    Str: 18    XL:     27
MP:   41/41         EV: 34    Int: 11    God:    Gozag
Gold: 4249          SH:  0    Dex: 19    Spells: 8 memorised, 23 levels left

rFire  + + .     SeeInvis +     I - +5 pair of quick blades "Gyre" and "Gimble" {pierce, Dex-3}
rCold  + . .     Gourm    .     (armour unavailable)
rNeg   + + +     Faith    .     (shield currently unavailable)
rPois  +         Spirit   .     f - +0 mask of the Dragon {MR+ Slay+3 SInv}
rElec  +         Dismiss  .     Y - +4 dragonskin cloak
rCorr  +         Reflect  .     l - +0 pair of gloves "Meus" {rElec rN+ Dex+5}
SustAt .         Harm     .     N - +2 pair of boots of the Assassin {DetectMon Stab+ Stlth++}
MR     +++++     Clarity  +     F - amulet of the Four Winds {rN+ MR+++ Clar}
Stlth  +++.......               C - ring of Jaiwal {rPois AC+1}
                                O - ring of Welom {rF++ rN+ EV+4 Str+2 Dex-3}

@: deflect missiles, almost entirely resistant to hostile enchantments, fairly
stealthy
A: spit acid, acid resistance, unfitting armour, blink, clarity, clumsy 1,
mutation resistance 1, robust 1, electricity resistance, weak 1, acidic bite, no
device heal 1, cold-blooded, subdued magic 1, MP-powered wands, AC +13
a: Spit Acid, Blink, Potion Petition, Call Merchant, Bribe Branch, Renounce
Religion
0: Orb of Zot
}: 5/15 runes: decaying, serpentine, slimy, silver, golden


You escaped.
You worshipped Gozag.
Gozag was noncommittal.
You were not hungry.

You visited 13 branches of the dungeon, and saw 64 of its levels.
You visited the Abyss 1 time.
You also visited: Ice Cave, Volcano and Wizlab.

You collected 45120 gold pieces.
You spent 8803 gold pieces at shops.
You paid 32068 gold pieces to Gozag.

Inventory:

Hand Weapons
 I - the +5 pair of quick blades "Gyre" and "Gimble" (weapon) {pierce, Dex-3}
   (You bought it in a shop on level 1 of the Lair of Beasts)

   It inflicts extra damage upon your enemies.
   It affects your dexterity (-3).
Missiles
 t - 4 throwing nets (quivered)
Armour
 f - the +0 mask of the Dragon (worn) {MR+ Slay+3 SInv}
   (You found it on level 2 of the Depths)

   It affects your accuracy and damage with ranged weapons and melee attacks
   (+3).
   It affects your resistance to hostile enchantments.
   It lets you see invisible.
 l - the +0 pair of gloves "Meus" (worn) {rElec rN+ Dex+5}
   (You found it on level 8 of the Lair of Beasts)

   It affects your dexterity (+5).
   It insulates you from electricity.
   It protects you from negative energy.
 N - the +2 pair of boots of the Assassin (worn) {DetectMon Stab+ Stlth++}
   (You acquired it on level 1 of the Elven Halls)

   It makes you much more stealthy.
 Y - the +4 dragonskin cloak (worn)
   (You took it off Tiamat on level 2 of the Realm of Zot)
Rods
 k - a +2 iron rod (9/9)
   (You took it off a draconian shifter on level 3 of the Realm of Zot)
 z - a +4 rod of shadows (15/15)
   (You found it on level 7 of the Dungeon)
Jewellery
 C - the ring of Jaiwal (right hand) {rPois AC+1}
   (You found it on level 5 of the Dungeon)

   [ring of protection]

   It affects your AC (+1).
   It protects you from poison.
 F - the amulet of the Four Winds (around neck) {rN+ MR+++ Clar}
   (You bought it in a shop on level 1 of the Lair of Beasts)

   [amulet of nothing]

   It protects you from negative energy.
   It affects your resistance to hostile enchantments.
   It protects you against confusion.
 O - the ring of Welom (left hand) {rF++ rN+ EV+4 Str+2 Dex-3}
   (You bought it in a shop on level 1 of the Lair of Beasts)

   [ring of evasion]

   It affects your evasion (+4).
   It affects your strength (+2).
   It affects your dexterity (-3).
   It greatly protects you from fire.
   It protects you from negative energy.
Wands
 a - a wand of polymorph (12/24)
 g - a wand of iceblast (6/15)
 h - a wand of iceblast (6/15)
 n - a wand of acid (5/15)
 K - a wand of digging (11/24)
 R - a wand of teleportation (4/9)
 S - a wand of disintegration (2/24)
Scrolls
 b - 2 scrolls of magic mapping
 c - a scroll of amnesia
 i - 5 scrolls of identify
 m - 11 scrolls of teleportation
 o - 21 scrolls of remove curse
 p - 15 scrolls of recharging
 r - 5 scrolls of enchant weapon
 A - 3 scrolls of holy word
 E - 2 scrolls of enchant armour
 J - 7 scrolls of fog
 M - 4 scrolls of fear
 W - 14 scrolls of blinking
 Z - 3 scrolls of summoning
Potions
 e - 15 potions of brilliance
 j - 2 potions of magic
 u - 23 potions of curing
 v - a potion of berserk rage
 w - 4 potions of might
 x - 8 potions of agility
 B - a potion of cancellation
 D - 10 potions of haste
 G - 6 potions of flight
 Q - 8 potions of heal wounds
 U - 2 potions of invisibility
 X - 4 potions of resistance
Miscellaneous
 s - a sack of spiders {used: 6}
 y - a phantom mirror
 H - a box of beasts
 P - a lamp of fire
 T - a fan of gales
 V - a figurine of a ziggurat
Comestibles
 d - 22 bread rations
 q - 45 fruits


   Skills:
 + Level 22.5 Fighting
 + Level 18.4 Short Blades
   Level 15.2 Axes
 - Level 6.8 Throwing
 + Level 20.2 Dodging
 - Level 17.4 Stealth
 - Level 14.6 Spellcasting
 - Level 11.1 Hexes
 - Level 16.0 Charms
 - Level 19.7 Translocations
 - Level 17.0 Air Magic
 - Level 10.7 Evocations


You had 23 spell levels left.
You knew the following spells:

 Your Spells              Type           Power        Failure   Level  Hunger
a - Deflect Missiles      Chrm/Air       ####......   1%          6    ######.
b - Spectral Weapon       Hex/Chrm       ####....     0%          3    None
c - Haste                 Chrm           ####....     1%          6    ######.
d - Regeneration          Chrm/Necr      ###.......   1%          3    None
e - Apportation           Tloc           ####......   0%          1    None
f - Silence               Hex/Air        ####......   1%          5    #####..
g - Invisibility          Hex            ###.....     7%          6    ######.
x - Blink                 Tloc           N/A          0%          2    None


Dungeon Overview and Level Annotations

Branches:
Dungeon (15/15)            Temple (1/1) D:5            Lair (8/8) D:11
  Swamp (4/4) Lair:5        Snake (4/4) Lair:3        Slime (6/6) Lair:6
    Orc (2/2) D:12            Elf (3/3) Orc:2        Vaults (5/5) D:13
  Crypt (3/3) Vaults:2       Tomb (3/3) Crypt:3      Depths (5/5) D:15
    Zot (5/5) Depths:5

Altars:
Ashenzari
Cheibriados
Dithmenos
Elyvilon
Fedhas
Gozag
Kikubaaqudgha
Makhleb
Nemelex Xobeh
Okawaru
Pakellas
Qazlal
Ru
Sif Muna
Trog
Vehumet
Xom
Yredelemnul
Zin
The Shining One
Beogh
Jiyva

Shops:
D:4 (?:*   D:7 !:}%   D:8 :   D:11 *   Orc:2 *(:[   Elf:1 [=??   Elf:2 %
Elf:3 ?   Lair:1 ([!*[=:=*[[[[}:[[   Vaults:3 *??:   Vaults:4 [*(   Depths:1 *
Depths:5 *

Portals:
Hell: Depths:1 Depths:2 Depths:3 Depths:4 Depths:5
Abyss: Depths:1 Depths:4
Pandemonium: Depths:2 Depths:3
Ziggurat: Depths:2

Annotations:
Elf:2 3 runed doors


Innate Abilities, Weirdness & Mutations

You can spit globs of acid.
You are resistant to acid.
Your golden yellow scales are hard (AC +13).
Your body does not fit into most forms of armour.
You have acidic saliva.
You are cold-blooded and may be slowed by cold attacks.
You can translocate small distances at will.
You possess an exceptional clarity of mind.
You are clumsy. (Dex -2)
You are somewhat resistant to further mutation.
You are robust (+10% HP).
You are resistant to electric shocks.
You are weak. (Str -2)
Potions and wands are less effective at restoring your health.
Your spells are a little easier to cast, but a little less powerful.
You expend magic power (3 MP) to strengthen your wands.


Message History

You hit the tormentor. You bite the tormentor.
The tormentor is splashed with acid.
The acid corrodes the tormentor!
You hit the tormentor.
The tormentor is heavily wounded.
You puncture the tormentor! x2
You kill the tormentor!
No target in view!
A lorocyproca comes into view.
Casting: Haste
Confirm with . or Enter, or press ? or * to list all spells.
Your skin crawls.
There is a stone staircase leading up here.
You climb upwards.
There is a stone staircase leading down here.
Your skin is crawling a little less now.
Magic restored.
Your skin stops crawling.
There is an open door here.
There is a staircase leading out of the dungeon here.
You have escaped!

######..# ##.# #.##
#..# ##.# #.## #..#
##.#################
#.'.....@....('..(#
###################


There were no monsters in sight!

Vanquished Creatures
  the Royal Jelly (Slime:6)
  Tiamat (Zot:2)
  13 orbs of fire
  3 ancient liches
  A juggernaut (Depths:2)
  14 greater mummies
  the Lernaean hydra (Swamp:4)
  A shard shrike (shapeshifter) (Vaults:5)
  3 curse toes
  Saint Roka (Orc:1)
  Margery (Depths:4)
  4 Killer Klowns
  Jory (Vaults:5)
  10 golden dragons
  Nikola (Vaults:1)
  A profane servitor (Crypt:3)
  3 bone dragons
  Xtahua (Vaults:3)
  A hellephant (Zot:4)
  4 electric golems
  8 liches
  17 tentacled monstrosities
  17 Orb Guardians
  2 deep elf blademasters (Elf:3)
  Asterion (Vaults:3)
  3 titans (Vaults:5)
  2 quicksilver dragons (Depths:3)
  A deep elf master archer (Elf:3)
  5 death cobs
  An Executioner (Depths:1)
  11 sphinxes
  16 acid blobs
  Gastronok (Lair:2)
  19 storm dragons
  5 ancient champions
  18 shadow dragons
  Kirke (Snake:2)
  3 thorn hunters
  4 draconian monks
  2 revenants
  9 greater nagas (Snake:4)
  12 tengu reavers
  Donald (Orc:2)
  18 frost giants
  Aizul (Snake:4)
  6 azure jellies
  8 fire giants
  A frost giant (shapeshifter) (Vaults:5)
  7 iron dragons
  13 deep elf sorcerers
  4 draconian zealots
  Louise (D:15)
  3 draconian scorchers
  4 draconian shifters
  5 draconian knights
  10 vault wardens
  6 deep elf elementalists
  4 ghost moths
  An orc warlord (Orc:2)
  7 ghouls
  2 curse skulls (Crypt:3)
  2 spriggan defenders
  18 stone giants
  2 war gargoyles
  18 ironheart preservers
  13 very ugly things
  4 salamander stormcallers
  2 draconian callers
  7 draconian annihilators
  14 green draconians
  7 deep elf demonologists
  2 vampire knights
  10 black draconians
  11 purple draconians
  11 yellow draconians
  18 deep elf annihilators
  20 dire elephants
  6 bennus
  6 mottled draconians (Zot:3)
  7 white draconians
  5 spark wasps
  2 red draconians (Zot:3)
  26 mummy priests
  2 blizzard demons
  9 eidola
  34 vault guards
  A green death (D:10)
  16 ettins
  A crystal guardian (Vaults:5)
  8 deep elf death magi
  Erolcha (D:8)
  6 deep elf high priests
  6 great orbs of eyes
  5 death oozes (Slime:6)
  4 jiangshi
  23 fire dragons
  8 entropy weavers
  11 yaktaur captains
  17 naga warriors
  3 rakshasas
  23 hydras
  7 spriggan air magi
  26 ice dragons
  12 ogre magi
  2 catoblepae
  12 centaur warriors
  The ghost of glosham the Zephyrmancer, a journeyman GrVM of Vehumet (D:10)
  3 anacondas
  A ghost crab (Swamp:2)
  12 alligators
  Erica (D:8)
  A queen ant (shapeshifter) (Depths:4)
  5 death knights
  9 death yaks
  2 orc high priests
  11 tengu warriors
  A queen ant (Lair:1)
  5 shock serpents
  18 deep troll shamans
  10 deep troll earth magi
  2 titan zombies (Crypt:3)
  5 vampire magi
  11 naga sharpshooters
  13 deep elf knights
  2 soul eaters
  A shock serpent (shapeshifter) (Vaults:1)
  5 spriggan berserkers
  Sonja (D:15)
  Urug (Orc:1)
  3 hell knights
  29 skeletal warriors
  A storm dragon zombie (Vaults:4)
  A fire crab (shapeshifter) (Depths:3)
  A titan skeleton (Crypt:2)
  4 salamander mystics
  An iron troll (Depths:3)
  3 fire crabs
  A shadow wraith (Vaults:1)
  13 death scarabs
  An unseen horror (D:12)
  A storm dragon skeleton (Crypt:1)
  9 swamp dragons
  An unseen horror (shapeshifter) (Vaults:1)
  3 spriggan druids
  An orange crystal statue (Zot:5)
  11 flayed ghosts
  2 shadow dragon zombies (Crypt:3)
  5 naga ritualists
  3 wizards
  40 deep trolls
  20 deep elf archers
  A death drake (Zot:2)
  3 giant orange brains
  A shambling mangrove (Swamp:4)
  22 phantasmal warriors
  3 harpies (Vaults:1)
  An anaconda skeleton (Tomb:3)
  A golden dragon skeleton (Crypt:2)
  13 ironbrand convokers
  10 orc knights
  6 wolf spiders
  35 anubis guards
  A sphinx zombie (Vaults:5)
  6 hill giants
  11 mana vipers
  9 necromancers
  60 deep elf magi
  2 manticores
  A stone giant zombie (Vaults:5)
  2 hornets
  4 orc sorcerers
  A sphinx skeleton (Crypt:1)
  7 griffons
  3 fire giant zombies
  2 sixfirhies
  2 hornets (shapeshifter)
  37 moths of wrath
  3 shining eyes (Slime:6)
  50 ugly things
  10 cyclopes
  11 elephants
  An octopode (shapeshifter) (Vaults:1)
  2 stone giant skeletons
  26 black mambas
  A shock serpent zombie (Crypt:1)
  17 salamanders
  19 vault sentinels
  3 eyes of devastation
  An eye of devastation (shapeshifter) (Crypt:1)
  4 rust devils (Depths:5)
  The ghost of namelastname112 the Chopper, a novice DrGl of Okawaru (D:5)
  A guardian serpent (Snake:1)
  25 naga magi
  A black mamba (shapeshifter) (Depths:4)
  2 centaur skeletons (D:12)
  An orange demon (Depths:3)
  A dire elephant zombie (Tomb:3)
  A spiny frog (shapeshifter) (Vaults:4)
  2 gargoyles
  2 torpor snails (Lair:8)
  2 guardian serpents (shapeshifter)
  An emperor scorpion zombie (Crypt:3)
  3 kobold demonologists
  A shock serpent skeleton (Tomb:2)
  15 komodo dragons
  17 spiny frogs
  A pale draconian zombie (Crypt:2)
  51 yaktaurs
  2 tormentors
  An ice devil (Depths:1)
  12 freezing wraiths
  5 rime drakes
  2 hellwings
  A hydra zombie (Crypt:3)
  3 yaktaurs (shapeshifter)
  14 polar bears
  7 jumping spiders
  39 guardian mummies
  A queen bee (shapeshifter) (Depths:4)
  13 tengu conjurers
  7 trolls
  A jumping spider (shapeshifter) (Vaults:5)
  A queen bee (Depths:2)
  10 giant leeches
  14 bog bodies
  A harpy zombie (Crypt:3)
  Prince Ribbit (Lair:3)
  5 boulder beetles
  128 slime creatures
  19 two-headed ogres
  12 blink frogs
  A boulder beetle (shapeshifter) (Vaults:5)
  5 ushabtiu
  A hydra skeleton (Tomb:1)
  3 ettin zombies
  2 frost giant simulacra (Vaults:4)
  A blink frog (shapeshifter) (Vaults:5)
  32 flying skulls
  11 water elementals
  A fire dragon skeleton (Tomb:1)
  A stone giant simulacrum (Vaults:2)
  13 redbacks
  10 air elementals
  7 shadows
  6 spriggans
  An elf zombie (Vaults:5)
  6 wyverns
  A black mamba zombie (Crypt:2)
  A ynoxinul (Depths:3)
  An ettin skeleton (Vaults:2)
  A spriggan (shapeshifter) (Elf:1)
  11 wraiths
  8 basilisks
  A yak (shapeshifter) (Vaults:2)
  91 yaks
  A wyvern (shapeshifter) (Depths:3)
  A neqoxec (Zot:2)
  3 tarantellas
  Eustachio (D:4)
  3 fire elementals
  2 hogs (Snake:2)
  3 golden eyes (Slime:5)
  3 golden eyes (shapeshifter)
  6 humans (Zot:4)
  A steam dragon (Lair:7)
  8 chaos spawn (Abyss:5)
  Grum (Lair:1)
  15 hippogriffs
  11 vampire mosquitoes
  6 mottled dragons
  A water nymph zombie (Crypt:1)
  40 wolves
  9 insubstantial wisps (Swamp:2)
  4 wargs
  A merfolk zombie (Crypt:3)
  15 swamp worms
  39 nagas
  A deep troll zombie (Vaults:5)
  A spiny frog zombie (Tomb:1)
  8 soldier ants (Lair:1)
  3 deep troll skeletons
  15 water moccasins
  A hell hound (shapeshifter) (Vaults:2)
  14 porcupines
  13 swamp drakes
  13 ice beasts
  2 snapping turtle zombies (Crypt:3)
  2 black bears
  5 human zombies
  35 orc warriors
  4 phantoms
  3 sky beasts
  13 necrophages (Crypt:3)
  12 wasps
  2 ettin simulacra
  58 ogres
  4 eyes of draining
  20 centaurs
  5 boggarts (D:15)
  A human skeleton (Vaults:4)
  A manticore skeleton (Crypt:2)
  4 big kobolds
  18 crocodiles
  A komodo dragon zombie (Crypt:1)
  25 giant frogs
  A wyvern zombie (D:12)
  An earth elemental (Elf:3)
  4 wyvern skeletons (Crypt:3)
  A spriggan zombie (Crypt:2)
  A raiju zombie (Crypt:1)
  7 scorpions
  19 killer bees (Depths:2)
  A troll skeleton (Crypt:2)
  10 wights
  2 electric eels
  9 howler monkeys
  Crazy Yiuf (D:4)
  5 centaur zombies
  2 quasits
  10 crimson imps
  2 giant frog zombies
  4 giant frog skeletons
  7 hounds
  18 orc priests
  15 jellies
  An iron imp (D:15)
  A basilisk skeleton (Crypt:2)
  10 iguanas
  15 orc wizards
  5 hell rats (Lair:5)
  26 worker ants
  A troll simulacrum (Tomb:2)
  32 sheep
  A mottled dragon skeleton (Crypt:2)
  A deep dwarf skeleton (Crypt:1)
  A naga skeleton (Crypt:1)
  A hound skeleton (D:4)
  46 mummies
  10 gnolls
  A howler monkey skeleton (D:7)
  14 adders
  77 river rats
  A scorpion zombie (Crypt:2)
  3 shadow imps
  2 oozes
  2 adder skeletons (D:4)
  5 worms
  2 dart slugs (D:1)
  3 giant geckos
  A giant gecko (shapeshifter) (Vaults:5)
  83 orcs
  3 ball pythons
  7 giant cockroaches
  11 goblins
  7 hobgoblins
  14 jackals
  11 kobolds
  8 quokkas
  12 bats
  A giant cockroach zombie (Crypt:2)
  A giant gecko skeleton (D:4)
  3 giant newts (D:2)
  A jackal zombie (D:8)
  A quokka skeleton (D:9)
  12 rats
  A fungus (D:4)
  5 lost souls
  3 plants (Lair:8)
  3 withered plants (Crypt:3)
3111 creatures vanquished.

Vanquished Creatures (collateral kills)
  A juggernaut (Depths:2)
  2 golden dragons (Zot:2)
  A titan (Depths:2)
  A frost giant (IceCv)
  Wiglaf (Vaults:2)
  A fire giant (D:12)
  A stone giant (Vaults:4)
  A hydra (D:11)
  A spriggan berserker (Depths:2)
  A spriggan (Swamp:4)
  2 lindwurms (Lair:4)
  An orc sorcerer (Orc:2)
  3 ugly things
  2 ice statues
  A komodo dragon (D:12)
  2 polar bears (IceCv)
  A hungry ghost (D:9)
  A warg (Orc:2)
  A wolf (IceCv)
  A black bear (D:12)
  5 orc warriors
  A wasp (Swamp:4)
  2 centaurs (D:11)
  A giant frog (D:12)
  5 killer bees (D:11)
  A jelly (Slime:6)
  2 orc priests
  2 orc wizards
  A worker ant (D:9)
  8 orcs (D:12)
  A quokka (D:11)
  A bat (D:12)
  A plant (Swamp:4)
57 creatures vanquished.

Vanquished Creatures (others)
  An orb of fire (Zot:5)
  2 ancient liches (Zot:5)
  A Killer Klown (Zot:5)
  An electric golem (Zot:5)
  2 tentacled monstrosities (Zot:5)
  11 Orb Guardians (Zot:5)
  A death cob (Zot:5)
  A storm dragon (Zot:5)
  A draconian scorcher (Zot:5)
  3 draconian knights
  2 draconian zealots
  2 black draconians (Zot:5)
  A red draconian (Zot:5)
  3 white draconians (Zot:5)
  A purple draconian (Zot:5)
  A fire dragon (Zot:5)
  18 dancing weapons
  20 death scarabs (Tomb:2)
  2 skeletal warriors (Tomb:2)
  A lindwurm (Lair:4)
  2 deep elf magi (Elf:1)
  2 moths of wrath
  2 yaktaurs (Depths:3)
  A snapping turtle (shapeshifter) (Vaults:4)
  A water elemental (Elf:3)
  2 flying skulls (Tomb:3)
  An air elemental (Depths:2)
  A centaur (D:11)
  3 mummies
  A briar patch (Swamp:3)
  32 eldritch tentacle segments (Zot:5)
  A fire vortex (Lair:1)
  22 fungi
  2 lost souls (Crypt:2)
  35 plants
  25 spectral weapons
  2 withered plants (Crypt:3)
210 creatures vanquished.

Grand Total: 3378 creatures vanquished

Notes
Turn   | Place    | Note
--------------------------------------------------------------
     0 | D:1      | namelastname112 the Draconian Gladiator began the quest for the Orb.
     0 | D:1      | Reached XP level 1. HP: 17/17 MP: 1/1
   281 | D:1      | Reached XP level 2. HP: 19/25 MP: 2/2
   536 | D:1      | Reached XP level 3. HP: 30/30 MP: 3/3
  1195 | D:2      | Reached skill level 3 in Fighting
  1195 | D:2      | Reached XP level 4. HP: 36/38 MP: 4/4
  1858 | D:3      | Found a snail-covered altar of Cheibriados.
  1860 | D:3      | Found a stormy altar of Qazlal.
  1864 | D:3      | Found a burning altar of Makhleb.
  2141 | D:4      | Found Kopt's Magic Scroll Shoppe.
  2151 | D:4      | Reached XP level 5. HP: 29/45 MP: 5/5
  2271 | D:4      | Found Lyowkonk's Book Shoppe.
  2380 | D:4      | Noticed Crazy Yiuf
  2402 | D:4      | Killed Crazy Yiuf
  2402 | D:4      | Reached skill level 5 in Axes
  2553 | D:4      | Found Vaomiwn's General Store.
  2583 | D:4      | Noticed an ogre
  2598 | D:4      | Killed an ogre
  2598 | D:4      | Reached skill level 4 in Fighting
  2598 | D:4      | Reached XP level 6. HP: 46/52 MP: 6/6
  2714 | D:4      | Found an iron altar of Okawaru.
  2802 | D:4      | Found Deong's Weapon Shop.
  2868 | D:4      | Noticed Eustachio
  2881 | D:4      | Reached XP level 7. HP: 24/60 MP: 7/7
  2881 | D:4      | Your scales start taking on a golden yellow colour.
  3378 | D:4      | Killed Eustachio
  3378 | D:4      | Reached skill level 5 in Fighting
  3444 | D:5      | Entered Level 5 of the Dungeon
  3547 | D:5      | Found a glowing golden altar of the Shining One.
  3556 | D:5      | Found a basalt altar of Yredelemnul.
  3625 | D:5      | Got a shimmering glass ring
  3626 | D:5      | Identified the ring of Jaiwal {rPois AC+1} (You found it on level 5 of the Dungeon)
  3771 | D:5      | Noticed namelastname112's ghost (novice DrGl)
  3807 | D:5      | Gained mutation: Scrolls take you a little longer to read. [potion of mutation]
  3807 | D:5      | Gained mutation: You are resistant to electric shocks. [potion of mutation]
  3807 | D:5      | Gained mutation: Your spells are a little harder to cast, but a little more powerful. [potion of mutation]
  3810 | D:5      | Killed namelastname112's ghost
  3810 | D:5      | Reached XP level 8. HP: 28/69 MP: 8/8
  3811 | D:5      | Gained mutation: You evolve. [potion of mutation]
  3811 | D:5      | Gained mutation: Your muscles are strong. (Str +2) [potion of mutation]
  3811 | D:5      | Gained mutation: Your natural rate of healing is unusually fast. [potion of mutation]
  3891 | D:5      | Found a staircase to the Ecumenical Temple.
  4014 | Temple   | Entered the Ecumenical Temple
  4061 | Temple   | Became a worshipper of Gozag Ym Sagoz the Greedy
  4129 | D:5      | Reached skill level 5 in Dodging
  4280 | D:5      | Noticed an angel
  4535 | D:6      | Reached skill level 6 in Fighting
  5289 | D:6      | Reached XP level 9. HP: 41/78 MP: 9/9
  5582 | D:6      | Reached skill level 7 in Fighting
  5877 | D:7      | Found a blossoming altar of Fedhas.
  5978 | D:7      | Found a sacrificial altar of Ru.
  5978 | D:7      | Found a white marble altar of Elyvilon.
  6008 | D:7      | Found Juhuilox's Food Shop.
  6084 | D:7      | Reached skill level 10 in Axes
  6342 | D:7      | Found Bakomeh's Gadget Shoppe.
  6358 | D:7      | Identified a +2 rod of shadows (14/14) (You found it on level 7 of the Dungeon)
  6367 | D:7      | Found Nujiump's Distillery.
  6370 | D:7      | Bought a potion of heal wounds for 55 gold pieces
  6370 | D:7      | Bought a potion of mutation for 27 gold pieces
  6370 | D:7      | Lost mutation: You evolve. [potion of mutation]
  6377 | D:7      | Found Eckanotz's Book Boutique.
  6633 | D:8      | Noticed Erica
  6647 | D:8      | Gained mutation: Your body sometimes deteriorates upon taking damage. [potion of mutation]
  6931 | D:8      | Found Pemohup's Book Shop.
  6984 | D:8      | Reached skill level 1 in Evocations
  7002 | D:8      | Reached skill level 8 in Fighting
  7012 | D:8      | Noticed Erolcha
  7019 | D:8      | Killed Erolcha
  7019 | D:8      | Reached XP level 10. HP: 60/88 MP: 9/11
  7479 | D:8      | Killed Erica
  8325 | D:9      | Found an ancient bone altar of Kikubaaqudgha.
  8325 | D:9      | Found a deep blue altar of Sif Muna.
  8381 | D:9      | Found a radiant altar of Vehumet.
  8386 | D:9      | Identified Sif Muna's Volume of the Compass
  8432 | D:9      | Reached skill level 9 in Fighting
  8493 | D:9      | Found an oddly glowing altar of Pakellas.
  8829 | D:9      | Noticed a cyclops
  8851 | D:9      | Killed a cyclops
  9200 | D:10     | Entered Level 10 of the Dungeon
  9315 | D:10     | Noticed glosham's ghost (journeyman GrVM)
  9368 | D:10     | HP: 4/91 [glosham's ghost (11)]
  9371 | D:10     | Paralysed by glosham's ghost for 2 turns
  9598 | D:9      | Reached XP level 11. HP: 74/97 MP: 14/14
  9797 | D:10     | Noticed a hill giant
  9808 | D:10     | Killed a hill giant
 10101 | D:11     | Found Folaq's General Store.
 10101 | D:11     | Noticed a purple ugly thing
 10144 | D:11     | Killed a purple ugly thing
 10197 | D:11     | Found a frozen archway.
 10197 | D:11     | Noticed a five-headed hydra
 10213 | D:11     | Killed a five-headed hydra
 10220 | IceCv    | Entered an ice cave
 10359 | IceCv    | Reached skill level 5 in Evocations
 10737 | IceCv    | Reached skill level 10 in Fighting
 10870 | IceCv    | HP: 4/99 [yak (12)]
 11595 | IceCv    | Reached XP level 12. HP: 84/107 MP: 16/16
 11730 | IceCv    | Noticed a frost giant
 11801 | IceCv    | Killed a frost giant
 12484 | D:12     | Reached skill level 11 in Fighting
 12493 | D:12     | Found a roughly hewn altar of Beogh.
 12493 | D:12     | Found a staircase to the Orcish Mines.
 12633 | D:12     | Found a runed door.
 12795 | D:12     | Noticed a centaur warrior
 12812 | D:12     | Killed a centaur warrior
 13942 | D:12     | Noticed a fire giant
 13951 | D:12     | Killed a fire giant
 13951 | D:12     | Reached skill level 10 in Dodging
 14114 | D:11     | Reached XP level 13. HP: 116/116 MP: 19/19
 14190 | D:11     | Found a staircase to the Lair.
 15003 | Orc:1    | Entered Level 1 of the Orcish Mines
 15236 | Orc:1    | Noticed Urug
 15247 | Orc:1    | Killed Urug
 15758 | Orc:2    | Entered Level 2 of the Orcish Mines
 15874 | Orc:2    | Found a staircase to the Elven Halls.
 15940 | Orc:2    | Noticed Donald
 15946 | Orc:2    | Noticed Saint Roka
 16186 | Lair:1   | Entered Level 1 of the Lair of Beasts
 16187 | Lair:1   | Noticed Grum
 16203 | Lair:1   | Killed Grum
 16660 | Lair:1   | Reached skill level 12 in Fighting
 16660 | Lair:1   | Reached skill level 15 in Axes
 17515 | Lair:1   | Bought a scroll labeled IMEIZU FYGEV for 28 gold pieces
 17519 | Lair:1   | Bought the +5 pair of quick blades "Gyre" and "Gimble" {pierce, Dex-3} for 1446 gold pieces
 17654 | Lair:2   | Noticed Gastronok
 17662 | Lair:2   | Reached skill level 1 in Short Blades
 17667 | Lair:2   | Reached skill level 1 in Stealth
 17691 | Lair:2   | Killed Gastronok
 18429 | Lair:3   | Noticed Prince Ribbit
 18447 | Lair:3   | Killed Prince Ribbit
 18813 | Lair:3   | Found a staircase to the Snake Pit.
 18923 | Lair:3   | Gained mutation: Your magical capacity is low (-10% MP). [potion of mutation]
 18923 | Lair:3   | Lost mutation: Your muscles are strong. (Str +2) [potion of mutation]
 18923 | Lair:3   | Gained mutation: You expend magic power (3 MP) to strengthen your wands. [potion of mutation]
 19289 | Lair:3   | Gained mutation: You have acidic saliva. [Yellow Draconian growth]
 19289 | Lair:3   | Reached XP level 14. HP: 126/126 MP: 18/18
 19492 | Lair:4   | Reached skill level 5 in Short Blades
 19552 | Lair:4   | Reached skill level 5 in Stealth
 20992 | Lair:5   | Identified a scroll of acquirement
 21414 | Lair:5   | Found a staircase to the Swamp.
 21837 | Lair:6   | Found a staircase to the Slime Pits.
 21871 | Lair:6   | Gained mutation: You possess an exceptional clarity of mind. [potion of mutation]
 21871 | Lair:6   | Gained mutation: You can translocate small distances at will. [potion of mutation]
 21871 | Lair:6   | Lost mutation: Your spells are a little harder to cast, but a little more powerful. [potion of mutation]
 21872 | Lair:6   | Lost mutation: Your body sometimes deteriorates upon taking damage. [potion of mutation]
 22308 | Lair:5   | Identified a +0 pair of boots of running (You acquired it on level 5 of the Lair of Beasts)
 22920 | Lair:7   | Found a dark tunnel.
 22931 | Volcano  | Entered a volcano
 23886 | Lair:8   | Entered Level 8 of the Lair of Beasts
 23946 | Lair:8   | Reached XP level 15. HP: 132/132 MP: 19/19
 24351 | Lair:8   | Reached skill level 10 in Short Blades
 24351 | Lair:8   | Reached skill level 10 in Stealth
 24424 | Lair:8   | Got a pair of transparent gloves
 24430 | Lair:8   | Identified the +0 pair of gloves "Meus" {rElec rN+ Dex+5} (You found it on level 8 of the Lair of Beasts)
 24813 | Lair:8   | Reached XP level 16. HP: 139/139 MP: 20/20
 25498 | Lair:8   | Got an iridescent quick blade
 25585 | Lair:8   | Identified the +11 quick blade of Symmetry {venom, rC+ SInv Stlth-} (You found it on level 8 of the Lair of Beasts)
 26031 | D:10     | Killed glosham's ghost
 26687 | D:13     | Found a gate to the Vaults.
 27289 | D:13     | Lost mutation: Scrolls take you a little longer to read. [potion of cure mutation]
 27289 | D:13     | Lost mutation: Your magical capacity is low (-10% MP). [potion of cure mutation]
 27289 | D:13     | Lost mutation: You expend magic power (3 MP) to strengthen your wands. [potion of cure mutation]
 27289 | D:13     | Lost mutation: Your natural rate of healing is unusually fast. [potion of cure mutation]
 28660 | D:15     | Entered Level 15 of the Dungeon
 28889 | D:15     | Noticed Sonja
 28898 | D:15     | Killed Sonja
 29227 | D:15     | Noticed Louise
 29230 | D:15     | Killed Louise
 29279 | D:15     | Found a staircase to the Depths.
 29297 | D:15     | Reached XP level 17. HP: 144/148 MP: 23/23
 29651 | D:15     | Found a deep blue altar of Sif Muna.
 30334 | Orc:1    | Killed Saint Roka
 30666 | Orc:2    | Killed Donald
 30694 | Orc:2    | Found a roughly hewn altar of Beogh.
 30775 | Orc:2    | Found Liufuec's Antique Weapon Emporium.
 30777 | Orc:2    | Found Qayhan's Antique Armour Emporium.
 31186 | Orc:2    | Found Coosk's General Store.
 31201 | Orc:2    | Found Noorag's Book Emporium.
 31655 | Lair:1   | Bought the amulet of the Four Winds {rN+ MR+++ Clar} for 478 gold pieces
 31655 | Lair:1   | Bought the ring of Welom {rF++ rN+ EV+4 Str+2 Dex-3} for 1001 gold pieces
 31748 | Swamp:1  | Entered Level 1 of the Swamp
 32783 | Swamp:2  | Learned a level 3 spell: Regeneration
 32787 | Swamp:2  | Learned a level 3 spell: Spectral Weapon
 33026 | Swamp:2  | Got a pair of pitted gloves
 33027 | Swamp:2  | Identified the +1 pair of gloves "Xojophip" {rCorr} (You found it on level 2 of the Swamp)
 33079 | Swamp:2  | Reached skill level 13 in Fighting
 34765 | Swamp:4  | Entered Level 4 of the Swamp
 35005 | Swamp:4  | Reached skill level 10 in Evocations
 35074 | Swamp:4  | Reached skill level 5 in Throwing
 35584 | Swamp:4  | Noticed the 27-headed Lernaean hydra
 35877 | Swamp:4  | Killed the 27-headed Lernaean hydra
 35877 | Swamp:4  | Reached XP level 18. HP: 66/158 MP: 25/25
 35887 | Swamp:4  | Got a decaying rune of Zot
 37400 | Lair:1   | Bought an ancient cloak for 228 gold pieces
 37416 | Lair:1   | Identified the +0 cloak of Life {rElec Regen+ Dex+5} (You bought it in a shop on level 1 of the Lair of Beasts)
 38223 | Elf:1    | Entered Level 1 of the Elven Halls
 38281 | Elf:1    | Found Imatsir's Magic Scroll Boutique.
 38290 | Elf:1    | Found a magical portal.
 38295 | WizLab   | Entered Doroklohe's Tomb
 38570 | WizLab   | Noticed an ancient lich
 39104 | Elf:1    | Found Doorymn's Armour Boutique.
 39213 | Elf:1    | Found Wumpux's Jewellery Boutique.
 39340 | Elf:1    | Identified Wagyskan's Disquisition on Damage Dealing
 39424 | Elf:1    | Found Tohovva's Magic Scroll Emporium.
 39625 | Elf:1    | Bought a scroll of acquirement for 884 gold pieces
 39745 | Elf:2    | Found Kipn's Food Shop.
 39944 | Elf:2    | Reached skill level 14 in Fighting
 40196 | Elf:2    | Got a pair of jewelled boots
 40197 | Elf:2    | Identified the cursed +0 pair of boots of a treasure trove {rF+++ MP-9 Str-3 SInv} (You found it on level 2 of the Elven Halls)
 40233 | Elf:2    | Found a runed gate.
 40235 | Elf:2    | Found a runed gate.
 40236 | Elf:2    | Found a runed gate.
 40292 | Elf:2    | Reached skill level 15 in Stealth
 40684 | Snake:1  | Entered Level 1 of the Snake Pit
 40727 | Snake:1  | Reached skill level 1 in Spellcasting
 40727 | Snake:1  | Reached skill level 1 in Charms
 41782 | Snake:2  | Noticed Kirke
 41857 | Snake:2  | Killed Kirke
 41879 | Snake:2  | Reached XP level 19. HP: 167/167 MP: 27/27
 42657 | Snake:3  | Gained mutation: You are somewhat resistant to further mutation. [potion of beneficial mutation]
 42779 | Snake:3  | Reached skill level 5 in Spellcasting
 42779 | Snake:3  | Reached skill level 5 in Charms
 43232 | Snake:4  | Entered Level 4 of the Snake Pit
 43990 | Snake:4  | Noticed Aizul
 44014 | Snake:4  | Killed Aizul
 45629 | Snake:4  | Got a serpentine rune of Zot
 46009 | Lair:1   | Bought a glowing hat for 164 gold pieces
 46044 | Lair:1   | Bought the +3 crown of Dyrovepreva {rElec Int+2 SInv} for 1697 gold pieces
 46193 | Elf:3    | Entered Level 3 of the Elven Halls
 46727 | D:8      | Bought a book of Enchantments for 700 gold pieces
 46734 | D:8      | Learned a level 6 spell: Deflect Missiles
 46741 | D:8      | Learned a level 6 spell: Haste
 46747 | D:8      | Learned a level 5 spell: Silence
 46844 | Vaults:1 | Entered Level 1 of the Vaults
 46897 | Vaults:1 | Reached skill level 1 in Air Magic
 47317 | Vaults:1 | Reached XP level 20. HP: 141/174 MP: 26/32
 47687 | Vaults:1 | Noticed Nikola
 47696 | Vaults:1 | Killed Nikola
 47822 | Vaults:1 | Reached skill level 5 in Air Magic
 48310 | Vaults:1 | Reached skill level 10 in Charms
 48897 | Vaults:2 | Found a staircase to the Crypt.
 48897 | Vaults:2 | Found an ancient bone altar of Kikubaaqudgha.
 48898 | Vaults:2 | Found a basalt altar of Yredelemnul.
 48912 | Vaults:2 | Noticed Wiglaf
 48985 | Vaults:2 | Killed Wiglaf
 50508 | Vaults:3 | Noticed Asterion
 50532 | Vaults:3 | Killed Asterion
 50633 | Vaults:3 | Found Botupiuss's Assorted Antiques.
 50650 | Vaults:3 | Reached skill level 10 in Spellcasting
 50775 | Vaults:3 | Noticed Xtahua
 50781 | Vaults:3 | Killed Xtahua
 50854 | Vaults:3 | Found Kaekk's Magic Scroll Shoppe.
 50908 | Vaults:3 | Found Pirutah's Book Boutique.
 50909 | Vaults:3 | Found a shadowy altar of Dithmenos.
 50919 | Vaults:3 | Bought a manual of Charms for 1545 gold pieces
 50935 | Vaults:3 | Found Bocleshroy's Magic Scroll Emporium.
 51616 | Vaults:4 | Reached XP level 21. HP: 181/181 MP: 35/35
 52507 | Vaults:4 | Reached skill level 10 in Air Magic
 52603 | Vaults:4 | Found Gozag's Antique Armour Shoppe.
 52738 | Vaults:4 | Found an opulent altar of Gozag.
 52738 | Vaults:4 | Found Gozag's Assorted Antiques.
 52747 | Vaults:4 | Found Gozag's Antique Weapon Emporium.
 54005 | Elf:3    | Found Amyok's Magic Scroll Boutique.
 54210 | Elf:3    | Reached skill level 1 in Hexes
 55312 | Elf:3    | Reached XP level 22. HP: 190/190 MP: 36/36
 55987 | Lair:1   | Learned a level 1 spell: Apportation
 55990 | Lair:1   | Learned a level 2 spell: Blink
 56105 | D:7      | Bought a book of Party Tricks for 550 gold pieces
 56112 | D:7      | Learned a level 6 spell: Invisibility
 56304 | Depths:1 | Entered Level 1 of the Depths
 56339 | Depths:1 | Reached skill level 15 in Charms
 56858 | Depths:1 | Found a gateway to Hell.
 56986 | Depths:1 | Found Ovetuvefa's Serpentskin Sales.
 56997 | Depths:1 | Found a one-way gate to the infinite horrors of the Abyss.
 57196 | Depths:1 | Reached skill level 5 in Hexes
 58856 | Depths:2 | Noticed a juggernaut
 58983 | Depths:2 | Found a runed door.
 59485 | Depths:2 | Killed a juggernaut
 59784 | Depths:2 | Found a one-way gate leading to the halls of Pandemonium.
 59806 | Depths:2 | Found a gateway to a ziggurat.
 59806 | Depths:2 | Noticed a juggernaut
 59855 | Depths:2 | Killed a juggernaut
 60031 | Depths:2 | Got a pair of spiked boots
 60032 | Depths:2 | Identified the +0 pair of boots of Okawaru's Displeasure {rN+} (You acquired it on level 2 of the Depths)
 60138 | Depths:2 | Got a transparent silver ring
 60141 | Depths:2 | Identified the ring "Poxt" {+Fly rElec rF+ Stlth+} (You found it on level 2 of the Depths)
 60484 | Depths:2 | Reached XP level 23. HP: 189/196 MP: 38/38
 60605 | Depths:3 | Reached skill level 1 in Translocations
 60795 | Depths:3 | Reached skill level 10 in Hexes
 60956 | Depths:3 | Got a pitted graven amulet
 60957 | Depths:3 | Identified the amulet of the Ten Ships {Spirit rPois rC+ Dex+3} (You found it on level 3 of the Depths)
 62717 | Depths:3 | Reached skill level 15 in Fighting
 62803 | Depths:4 | Noticed Margery
 62840 | Depths:4 | Killed Margery
 62901 | Depths:4 | Reached skill level 5 in Translocations
 63044 | Depths:4 | Reached skill level 15 in Short Blades
 63504 | Depths:4 | Reached XP level 24. HP: 173/207 MP: 38/38
 64000 | Depths:5 | Entered Level 5 of the Depths
 64367 | Depths:5 | Found Maho Peo's General Store.
 65353 | Depths:5 | Found a gate to the Realm of Zot.
 66589 | Vaults:5 | Entered Level 5 of the Vaults
 66855 | Vaults:5 | Noticed Jory
 66942 | Vaults:5 | Reached skill level 15 in Dodging
 66955 | Vaults:5 | Reached skill level 16 in Fighting
 67040 | Vaults:5 | Killed Jory
 67254 | Vaults:5 | Reached XP level 25. HP: 111/216 MP: 39/39
 67267 | Vaults:5 | Got a fine brass ring
 67356 | Vaults:5 | Noticed an ancient lich
 67382 | Vaults:5 | Killed an ancient lich
 67382 | Vaults:5 | Reached skill level 10 in Translocations
 68072 | Vaults:5 | Identified the ring of Qotomu {+Inv +Fly Str-5 Dex+3} (You took it off a frost giant on level 5 of the Vaults)
 68075 | Vaults:5 | Got a translucent turquoise ring
 68076 | Vaults:5 | Identified the cursed ring "Fumno" {+Blink rC- MR+ Str-2 Slay+3} (You took it off an ironheart preserver on level 5 of the Vaults)
 68496 | Vaults:5 | Noticed a shard shrike
 68496 | Vaults:5 | Noticed an iron giant
 68496 | Vaults:5 | a shard shrike changed into an iron giant
 68498 | Vaults:5 | an iron giant changed into a titan
 68503 | Vaults:5 | Noticed a shard shrike
 68503 | Vaults:5 | a hellephant changed into a shard shrike
 68513 | Vaults:5 | Killed a shard shrike
 69132 | Vaults:5 | Got a silver rune of Zot
 70085 | Slime:1  | Entered Level 1 of the Pits of Slime
 70676 | Slime:6  | Entered Level 6 of the Pits of Slime
 70716 | Slime:6  | Reached skill level 17 in Fighting
 70785 | Slime:6  | Reached XP level 26. HP: 228/228 MP: 40/40
 70801 | Slime:6  | Noticed the Royal Jelly
 70802 | Slime:6  | Found a viscous altar of Jiyva.
 70823 | Slime:6  | Killed the Royal Jelly
 71062 | Slime:6  | Got a brightly glowing tin ring
 71064 | Slime:6  | Identified the Guide on Cloudy Attacks (You found it on level 6 of the Pits of Slime)
 71088 | Slime:6  | Identified the ring "Tonel" {MP+9 Stlth+} (You found it on level 6 of the Pits of Slime)
 71094 | Slime:6  | Got a slimy rune of Zot
 71098 | Slime:6  | Got a scorched silver ring
 71099 | Slime:6  | Identified the ring of Muofit {MP+9 Str+6 Int+4 Stlth+} (You found it on level 6 of the Pits of Slime)
 71113 | Slime:6  | Got a dazzling plate armour
 71153 | Slime:6  | Got a transparent turquoise ring
 71156 | Slime:6  | Identified the ring of the Scavenger {rPois rC- Dex+3 Slay+3} (You found it on level 6 of the Pits of Slime)
 71635 | Crypt:1  | Entered Level 1 of the Crypt
 73250 | Crypt:3  | Entered Level 3 of the Crypt
 73905 | Crypt:3  | Found a basalt altar of Yredelemnul.
 74176 | Crypt:3  | Got a twitching ruby amulet
 74177 | Crypt:3  | Identified the amulet "Syoviag" {Spirit rF+ MR+} (You found it on level 3 of the Crypt)
 74613 | Crypt:3  | Found a staircase to the Tomb.
 75474 | Tomb:1   | Entered Level 1 of the Tomb of the Ancients
 76652 | Tomb:1   | Noticed a greater mummy
 76666 | Tomb:1   | Killed a greater mummy
 76666 | Tomb:1   | Reached XP level 27. HP: 81/238 MP: 37/41
 76948 | Tomb:2   | Noticed a greater mummy
 76949 | Tomb:2   | Noticed a greater mummy
 76949 | Tomb:2   | Noticed a greater mummy
 77048 | Tomb:2   | Noticed a greater mummy
 77343 | Tomb:1   | Killed a greater mummy
 77683 | Tomb:1   | Killed a greater mummy
 77683 | Tomb:1   | Reached skill level 18 in Fighting
 77874 | Tomb:1   | Killed a greater mummy
 78159 | Tomb:1   | Killed a greater mummy
 78854 | Tomb:2   | Reached skill level 15 in Translocations
 79147 | Tomb:3   | Entered Level 3 of the Tomb of the Ancients
 79185 | Tomb:3   | Noticed a greater mummy
 79213 | Tomb:2   | Upgraded the game from 0.18-a0-1405-g73f4075 to 0.18-a0-1413-g4eaa9ac
 79230 | Tomb:2   | Killed a greater mummy
 79239 | Tomb:3   | Noticed a greater mummy
 79390 | Tomb:3   | Noticed a greater mummy
 79748 | Tomb:2   | Killed a greater mummy
 80103 | Tomb:2   | Killed a greater mummy
 80288 | Tomb:3   | Noticed a greater mummy
 80452 | Tomb:2   | Killed a greater mummy
 80507 | Tomb:3   | Noticed a greater mummy
 80637 | Tomb:3   | Noticed a greater mummy
 80750 | Tomb:2   | Killed a greater mummy
 80876 | Tomb:3   | Killed a greater mummy
 80877 | Tomb:3   | Noticed a greater mummy
 80995 | Tomb:3   | Killed a greater mummy
 81114 | Tomb:3   | Noticed a greater mummy
 81136 | Tomb:3   | Killed a greater mummy
 81431 | Tomb:3   | Got a golden rune of Zot
 81456 | Tomb:3   | Noticed a greater mummy
 81897 | Tomb:3   | Killed a greater mummy
 82041 | Tomb:3   | Identified the Incunabulum of the Escort (You found it on level 3 of the Tomb of the Ancients)
 82052 | Tomb:3   | Gained mutation: You are robust (+10% HP). [potion of beneficial mutation]
 82530 | Lair:1   | Upgraded the game from 0.18-a0-1413-g4eaa9ac to 0.18-a0-1418-ga86aa8f
 82858 | Zot:1    | Entered Level 1 of the Realm of Zot
 82971 | Zot:1    | Got a scintillating pewter amulet
 83012 | Zot:1    | Identified the amulet "Ocluekeh" {Reflect Int+5 SH+3} (You found it on level 1 of the Realm of Zot)
 83152 | Zot:1    | Cast into level 5 of the Abyss (the power of Zot)
 83152 | Abyss:5  | Entered Level 5 of the Abyss
 83222 | Zot:1    | Escaped the Abyss
 84173 | Zot:2    | Reached skill level 15 in Air Magic
 84198 | Zot:2    | Noticed Tiamat
 84228 | Zot:2    | Reached skill level 19 in Fighting
 84418 | Zot:2    | Killed Tiamat
 84499 | Zot:2    | Identified a +1 rod of shadows (6/9) (You took it off Tiamat on level 2 of the Realm of Zot)
 85999 | Zot:3    | Noticed an orb of fire
 86022 | Zot:3    | Gained mutation: You are weak. (Str -2) [an orb of fire]
 86029 | Zot:3    | Killed an orb of fire
 88263 | Zot:3    | Noticed an orb of fire
 88313 | Zot:3    | Killed an orb of fire
 88534 | Zot:4    | Reached skill level 20 in Fighting
 88953 | Zot:4    | Identified a +3 rod of ignition (9/9) (You found it on level 4 of the Realm of Zot)
 89744 | Zot:5    | Entered Level 5 of the Realm of Zot
 89981 | Zot:5    | Noticed an ancient lich
 90009 | Zot:5    | Noticed an orb of fire
 90015 | Zot:5    | Noticed an ancient lich
 90054 | Zot:5    | Noticed an ancient lich
 90055 | Zot:5    | Noticed an orb of fire
 90078 | Zot:5    | Gained mutation: You are clumsy. (Dex -2) [an orb of fire]
 90096 | Zot:5    | Killed an orb of fire
 90112 | Zot:5    | Noticed an orb of fire
 90178 | Zot:5    | Killed an ancient lich
 90183 | Zot:5    | Killed an orb of fire
 90592 | Zot:5    | Killed an orb of fire
 90605 | Zot:5    | Noticed an orb of fire
 90630 | Zot:5    | Noticed an orb of fire
 90684 | Zot:5    | Killed an orb of fire
 90686 | Zot:5    | Noticed an orb of fire
 90699 | Zot:5    | Killed an orb of fire
 90699 | Zot:5    | Reached skill level 21 in Fighting
 90722 | Zot:5    | Killed an orb of fire
 90905 | Zot:5    | Noticed an orb of fire
 90955 | Zot:5    | Killed an orb of fire
 91440 | Zot:5    | Noticed an orb of fire
 91494 | Zot:5    | Noticed an orb of fire
 91495 | Zot:5    | Killed an orb of fire
 91501 | Zot:5    | Noticed an orb of fire
 91532 | Zot:5    | Killed an orb of fire
 91532 | Zot:5    | Reached skill level 22 in Fighting
 91551 | Zot:5    | Killed an orb of fire
 91555 | Zot:5    | Noticed an orb of fire
 91558 | Zot:5    | Gained mutation: Potions and wands are less effective at restoring your health. [an orb of fire]
 91572 | Zot:5    | Killed an orb of fire
 91715 | Zot:5    | Noticed an orb of fire
 91717 | Zot:5    | Gained mutation: Your spells are a little easier to cast, but a little less powerful. [an orb of fire]
 91737 | Zot:5    | Gained mutation: You expend magic power (3 MP) to strengthen your wands. [an orb of fire]
 91774 | Zot:5    | Killed an orb of fire
 91780 | Zot:5    | Noticed an ancient lich
 91788 | Zot:5    | Killed an ancient lich
 92293 | Zot:5    | Killed an ancient lich
 92458 | Zot:5    | Got the Orb of Zot
 92522 | Zot:5    | Noticed Odazxoni the pandemonium lord
 92593 | Zot:4    | Noticed Foyxtiza the pandemonium lord
 92752 | Depths:5 | Noticed Eloere Xauf the pandemonium lord
 93345 | D:$      | Escaped with the Orb!

Vault maps used:
D:1:      evilmike_arrival_run_for_it, minivault_24, st_stairs_2,
          kennysheep_decorative_pillar, minmay_misc_feat_enclosed,
          serial_bayou_ford_a, minivault_4, minmay_hedge_maze
D:2:      hangedman_decor_lopped
D:3:      nicolae_overflow_hidden_temple
D:4:      old_standard_altar, serial_shops, shop, shop, shop, shop,
          uniq_crazy_yiuf_cottage, uniq_eustachio
D:5:      grunt_temple_overflow_holy_war, temple_green, first_bread
D:6:      wad_river_or_something
D:7:      grunt_temple_overflow_open, serial_shops,
          nicolae_shop_temple_entry_statues_fountains, kennysheep_mini_moat,
          shop_fountains, kennysheep_mini
D:8:      serial_shops, nicolae_shop_statue_plus, uniq_erolcha, uniq_erica
D:9:      grunt_temple_overflow_magic_moments, serial_corexii_hall,
          corexii_hall_statues_t, corexii_hall_statues_x,
          hangedman_pestilent_swarm, grunt_pakellas_salt
D:10:     serial_glass, glass_columns_b, glass_columns_a,
          kennysheep_generic_room_14
D:11:     dpeg_lair_monsters, portal_ice_cave_entry_pillars_01, serial_shops,
          shop
D:12:     david_orc_5, roderic_batcave, lightli_airlock
D:13:     lightli_vaults_fourway_checkpoint
D:14:     serial_corexii_hall, corexii_hall_statues_s,
          corexii_hall_statues_deadend, solitary_fountain, feat_on_display
D:15:     grunt_enter_depths_magical_seal, lemuel_blue_sif_altar, uniq_louise,
          uniq_sonja
Temple:   minmay_temple_bridge_a_8
Lair:1:   eino_small_chamber_without_monster, zaba_antful_of_joy, uniq_grum
Lair:2:   uniq_gastronok
Lair:3:   guppyfry_snake_entry_garden, ice2_lemuel, uniq_prince_ribbit2
Lair:4:   special_room, serial_bayou_lagoon_a, minmay_lindwurm_lava,
          infiniplex_staircase_pool
Lair:5:   minmay_swamp_entry_swarm
Lair:6:   minmay_slime_entry_eyes
Lair:7:   enter_volcano_1, serial_bayou_shore_b
Lair:8:   due_jungle_book, patterned_corridor, infiniplex_staircase_pool_2,
          grunt_megastairs_2
Swamp:1:  evilmike_swamp_ruin_house_4
Swamp:2:  evilmike_swamp_ruin_house_3, swamp_pool3
Swamp:3:  evilmike_swamp_ruin_house_5, swamp_pool4, nicolae_swamp_dense_foliage
Swamp:4:  grunt_swamp_rune_castle
Snake:1:  spider_trap
Snake:2:  uniq_kirke
Snake:3:  grunt_ministairs_12
Snake:4:  snake_pit, uniq_aizul
Slime:3:  nicolae_slime_welcoming_committee
Orc:1:    cheibrodos_orc_bank, uniq_urug
Orc:2:    grunt_orc_cross, uniq_saint_roka, uniq_donald
Elf:1:    eino_elf_arrival_the_gate, serial_shops, nicolae_shop_trees,
          nicolae_shop_stone, shop, shop, infiniplex_enter_wizlab_spiral,
          minmay_elf_annihilation, minmay_crystal_room
Elf:2:    serial_shops, shop_statue
Elf:3:    minmay_elf_hall_four_x, serial_shops, shop
Vaults:1: nicolae_vaults_ring_of_whatevers, v_pattern_3, v_misc_18,
          vaults_room_grid, v_rooms_6, vaults_room_hallway, vaults_room_pools,
          grunt_vaults_twisty, grunt_vaults_bifocal, nicolae_vaults_big_ls,
          v_alt_pattern_5, st_lattice, vaults_mumra_chevron,
          ontoclasm_vaults_twist, uniq_nikola
Vaults:2: vaults_mumra_minichess_inversion, ontoclasm_vaults_echo,
          minmay_crypt_entry_necro_gods,
          vaults_standard_mumra_enter_the_diamond, vaults_dpeg_hooks,
          ontoclasm_vaults_ring_large, nicolae_vaults_little_squares_2,
          v_rooms_3, vaults_room_corners, nicolae_vaults_rhombus_7,
          vaults_dpeg_cross, vaults_standard_mumra_x, v_misc_12,
          nicolae_vaults_little_squares_3, vaults_dpeg_ring, vaults_room_pool,
          uniq_wiglaf
Vaults:3: vaults_dpeg_encased_lava, nicolae_vaults_shelves_hall,
          vaults_mumra_hex, vaults_room_large_hall, v_alt_pattern_2,
          nicolae_vaults_sealed_display, vaults_room_large_hall,
          grunt_vaults_funnel, hangedman_vaults_pinch,
          nicolae_vaults_yaktaur_gun_rack, vaults_room_pool,
          nicolae_vaults_little_squares_4, vaults_room_stairs_pillars,
          serial_shops, nicolae_shop_trees, shop, shop, shop, basic_altar,
          uniq_xtahua, uniq_asterion
Vaults:4: v_misc_25, grunt_vaults_hallway_short,
          nicolae_vaults_little_squares_5, hangedman_vaults_cutoff,
          vaults_dpeg_doors, v_misc_1, hangedman_vaults_stream,
          kennysheep_vaults_gozag_temple, v_misc_27,
          nicolae_vaults_stairing_the_circle, hangedman_vaults_corner_blocks,
          nicolae_vaults_three_branches, nicolae_vaults_shelves_hall,
          nicolae_vaults_rhombus_5
Vaults:5: uniq_jory
Crypt:3:  evilmike_haunted_forest
Depths:1: abyss_entry_small_statue_room, hangedman_coc_ice_floe,
          serial_bayou_shore_b, serial_sigils_hangedman_gnaw,
          minmay_stone_trees_large, guppyfry_shop_venom
Depths:2: box_level_dp, pan_entry, hell_entry
Depths:3: grunt_twisty_corner, minmay_holes, rand_demon_pan_entry_1, hell_entry,
          minmay_misc_feat_x, kennysheep_nondecorative_pillar
Depths:4: mu_elephants_graveyard, marbit_kobold_abyss_entry, hell_entry,
          hex_medium, infiniplex_staircase_split_hallway, uniq_margery
Depths:5: evilmike_zot_entry_hall, serial_shops, shop, hangedman_decor_growths,
          hell_entry, minmay_metal_thing, grunt_megastairs_4,
          infiniplex_staircase_pool_lava
Zot:2:    stair_cage_line, st_grand_hoard_of_tiamat
Zot:3:    grunt_deathspiral_small
Zot:4:    circus_mu, grunt_ministairs_10, kennysheep_underground_church
Zot:5:    st_stairs_2, lemuel_flame_loot_1
Abyss:5:  evilmike_abyss_exit_chaos, nicolae_abyss_rune_left_handed,
          grunt_abyss_exit_deep_breaths
IceCv:    ice_cave_caverns_01
Volcano:  volcano_caves
WizLab:   wizlab_doroklohe

Skill      XL: |  1  2  3  4  5  6  7  8  9 10 11 12 13 14 15 16 17 18 19 20 21 22 23 24 25 26 27 |
---------------+----------------------------------------------------------------------------------+-----
Axes           | 4 5 6 7 9 10 11 13 14 15 | 15.2
Dodging        | 3 4 5 7 8 9 10 11 12 13 14 15 16 20 | 20.2
Fighting       | 3 4 5 6 8 9 10 11 12 13 14 15 16 17 22 | 22.5
Evocations     | 2 4 6 8 9 10 | 10.7
Short Blades   | 4 9 11 12 13 14 15 16 17 18 | 18.4
Stealth        | 4 9 11 12 14 15 16 17 | 17.4
Throwing       | 3 5 6 |  6.8
Spellcasting   | 3 8 10 11 12 13 14 | 14.6
Charms         | 3 9 12 14 16 | 16.0
Air Magic      | 3 9 11 17 | 17.0
Hexes          | 3 9 11 | 11.1
Translocations | 5 9 12 14 19 | 19.7

Action                   |  1- 3 |  4- 6 |  7- 9 | 10-12 | 13-15 | 16-18 | 19-21 | 22-24 | 25-27 || total
-------------------------+-------+-------+-------+-------+-------+-------+-------+-------+-------++-------
Melee: War axe           |    72 |       |   262 |    12 |       |       |       |       |       ||   346
       Short sword       |    33 |   178 |   181 |   944 |       |       |       |       |       ||  1336
       Unarmed           |       |       |    23 |    29 |       |       |       |       |       ||    52
       Battleaxe         |       |       |       |   185 |   347 |       |       |       |       ||   532
       Pair of quick bla |       |       |       |       |  1277 |  2449 |  2561 |  2879 |  5211 || 14377
 Fire: Blowgun           |       |       |       |       |       |     1 |     2 |     6 |       ||     9
Throw: Throwing net      |       |     3 |       |     2 |       |       |       |       |     4 ||     9
 Cast: Spectral Weapon   |       |       |       |       |       |       |    38 |     5 |     2 ||    45
       Regeneration      |       |       |       |       |       |       |    12 |    25 |    32 ||    69
       Deflect Missiles  |       |       |       |       |       |       |     2 |     9 |    10 ||    21
       Haste             |       |       |       |       |       |       |     1 |     7 |    35 ||    43
       Invisibility      |       |       |       |       |       |       |       |     2 |     4 ||     6
       Blink             |       |       |       |       |       |       |       |       |     1 ||     1
       Silence           |       |       |       |       |       |       |       |       |    38 ||    38
       Apportation       |       |       |       |       |       |       |       |       |     2 ||     2
Invok: Call Merchant     |       |       |       |       |     4 |     5 |       |     4 |     4 ||    17
       Bribe Branch      |       |       |       |       |       |       |       |       |     1 ||     1
 Abil: Spit Acid         |       |       |     7 |    24 |     4 |     5 |       |     4 |     4 ||    48
Evoke: Wand              |       |       |     3 |    21 |     7 |       |     3 |       |     4 ||    38
       Rod               |       |       |       |    35 |     5 |     3 |     3 |     6 |     5 ||    57
       Deck              |       |       |       |     7 |       |     1 |     1 |     3 |     4 ||    16
       Lamp of fire      |       |       |       |       |       |     2 |       |       |       ||     2
       Sack of spiders   |       |       |       |       |       |     2 |       |     2 |     2 ||     6
       Phantom mirror    |       |       |       |       |       |       |       |       |     1 ||     1
  Use: Potion            |       |       |    12 |    11 |     9 |     5 |     3 |     6 |    12 ||    58
       Scroll            |       |       |     7 |     7 |    23 |    17 |    13 |    17 |    15 ||    99
 Stab: Sleeping          |     2 |       |       |       |    20 |    33 |    50 |    43 |   117 ||   265
       Held in net/web   |       |     2 |       |     1 |       |       |       |       |     6 ||     9
       Distracted        |       |       |     2 |     2 |    16 |    29 |    60 |    53 |    64 ||   226
       Invisible         |       |       |       |     1 |       |     3 |       |    18 |    69 ||    91
       Petrified         |       |       |       |       |       |       |       |       |     7 ||     7
  Eat: Chunk             |     1 |     5 |     3 |       |       |       |       |       |       ||     9
       Meat ration       |       |       |     3 |     3 |     5 |     9 |     2 |     4 |    16 ||    42
       Beef jerky        |       |       |     1 |     1 |     1 |     3 |       |     4 |     2 ||    12
       Pizza             |       |       |     1 |       |       |     3 |     1 |     3 |     1 ||     9
       Fruit             |       |       |       |     8 |     4 |     3 |       |       |    10 ||    25
       Royal jelly       |       |       |       |    10 |       |     1 |       |     4 |     1 ||    16
       Bread ration      |       |       |       |       |       |       |     8 |     4 |     6 ||    18
